1820 views
Uploaded 2023-09-10 16:06:45
Game version 1.36 (6115)
15:13 long 1on1 ladder game on (4)TwistedMeadows_S2_v1.1
Saved by Sofer
1820 views
Uploaded 2023-09-10 16:06:45
Game version 1.36 (6115)
15:13 long 1on1 ladder game on (4)TwistedMeadows_S2_v1.1

26 units @ 3.2k
/ 0.5k
14 buildings @ 2.4k
/ 1k



| Healing Salve | 3 | 300 |
| Lesser Clarity Potion | 3 | 210 |
| Scroll of Speed | 2 | 100 |
| Orb of Lightning | 1 | 375 |
| Scroll of Town Portal | 1 | 350 |
| Scroll of Healing | 1 | 250 |
| Circlet of Nobility | 1 | 175 |
| Potion of Lesser Invulnerability | 2 | 300 |
| total: | 14 | 2060g |
| Peon | 12 | 900 | / | 0 |
| Troll Headhunter | 8 | 1120 | / | 160 |
| Shaman | 3 | 390 | / | 60 |
| Tauren | 3 | 840 | / | 240 |
| total: | 26 | 3250g | / | 460w |
| Altar of Storms | 1 | 180 | / | 50 |
| Orc Burrow | 5 | 800 | / | 200 |
| War Mill | 1 | 205 | / | 0 |
| Barracks | 1 | 180 | / | 50 |
| Voodoo Lounge | 2 | 260 | / | 60 |
| Great Hall | 1 | 385 | / | 185 |
| Tauren Totem | 2 | 270 | / | 310 |
| Spirit Lodge | 1 | 150 | / | 150 |
| Stronghold | 1 | 315 | / | 190 |
| Fortress | 1 | 325 | / | 190 |
| total: | 14 | 2430g | / | 1005w |
| 0:02 | Peon |
| 0:02 | Peon |
| 0:07 | Altar of Storms |
| 0:12 | Orc Burrow |
| 0:19 | War Mill |
| 0:30 | Peon |
| 0:40 | Peon |
| 1:06 | Barracks |
| 1:11 | Peon |
| 1:20 | Peon |
| 1:42 | Orc Burrow |
| 1:43 | Peon |
| 1:59 | Peon |
| 2:08 | Troll Headhunter |
| 2:11 | Mirror Image |
| 2:25 | Voodoo Lounge |
| 2:41 | Voodoo Lounge |
| 2:47 | Troll Headhunter |
| 3:12 | Troll Headhunter |
| 3:19 | Stronghold |
| 3:49 | Healing Salve |
| 3:49 | Lesser Clarity Potion |
| 3:50 | Scroll of Speed |
| 3:55 | Troll Headhunter |
| 3:58 | Orc Burrow |
| 4:01 | Lesser Clarity Potion |
| 4:15 | Troll Headhunter |
| 4:28 | Troll Headhunter |
| 4:56 | Steel Ranged Weapons |
| 5:03 | Critical Strike |
| 5:20 | Healing Salve |
| 5:45 | Troll Regeneration |
| 6:06 | Critical Strike |
| 6:15 | Circlet of Nobility |
| 6:29 | Tauren Totem |
| 6:33 | Tauren Totem |
| 6:34 | Fortress |
| 6:45 | Healing Wave |
| 6:56 | Spirit Lodge |
| 8:03 | Troll Headhunter |
| 8:08 | Hex |
| 8:20 | Great Hall |
| 8:26 | Shaman |
| 8:44 | Troll Headhunter |
| 8:47 | Orc Burrow |
| 9:33 | Pulverize |
| 9:36 | Orc Burrow |
| 9:39 | Peon |
| 9:40 | Peon |
| 9:45 | Healing Wave |
| 9:48 | Mirror Image |
| 10:32 | Scroll of Town Portal |
| 10:32 | Potion of Lesser Invulnerability |
| 10:39 | Scroll of Healing |
| 11:06 | War Stomp |
| 11:33 | Orb of Lightning |
| 11:34 | Lesser Clarity Potion |
| 11:34 | Scroll of Speed |
| 11:35 | Healing Salve |
| 11:58 | Tauren |
| 12:04 | Peon |
| 12:04 | Peon |
| 12:28 | Potion of Lesser Invulnerability |
| 12:40 | Shaman |
| 13:00 | Shaman Adept Training |
| 13:42 | Endurance Aura |
| 13:53 | Hex |
| 14:09 | Tauren |
| 14:12 | Critical Strike |
| 14:39 | Shaman Master Training |
| 14:41 | Shaman |
| 14:45 | Tauren |
| 15:08 | War Stomp |
| Right click | 551 |
| Select group | 420 |
| Select | 313 |
| Misc. action | 264 |
| Build/train/purchase | 88 |
| Assign group | 43 |
| Use ability | 28 |
| Chat | 18 |
| Item give/drop | 8 |
| Remove unit | 1 |
22 units @ 3.3k
/ 0.2k
14 buildings @ 2.4k
/ 1k


| Healing Salve | 3 | 300 |
| Lesser Clarity Potion | 2 | 140 |
| Scroll of Speed | 1 | 50 |
| Dust of Appearance | 1 | 75 |
| total: | 7 | 565g |
| Peon | 8 | 600 | / | 0 |
| Grunt | 10 | 2000 | / | 0 |
| Raider | 4 | 720 | / | 160 |
| total: | 22 | 3320g | / | 160w |
| Altar of Storms | 1 | 180 | / | 50 |
| Barracks | 1 | 180 | / | 50 |
| Orc Burrow | 7 | 1120 | / | 280 |
| Voodoo Lounge | 1 | 130 | / | 30 |
| Great Hall | 1 | 385 | / | 185 |
| Beastiary | 2 | 290 | / | 280 |
| Spirit Lodge | 1 | 150 | / | 150 |
| Stronghold | 1 | 315 | / | 190 |
| total: | 14 | 2435g | / | 1025w |
| 0:06 | Altar of Storms |
| 0:11 | Peon |
| 0:11 | Peon |
| 0:27 | Barracks |
| 0:30 | Peon |
| 0:42 | Orc Burrow |
| 0:44 | Peon |
| 1:01 | Peon |
| 1:02 | Peon |
| 1:35 | Grunt |
| 1:36 | Peon |
| 1:41 | Peon |
| 2:18 | Stronghold |
| 2:28 | Voodoo Lounge |
| 2:35 | Wind Walk |
| 2:52 | Orc Burrow |
| 3:51 | Orc Burrow |
| 3:53 | Healing Salve |
| 3:54 | Lesser Clarity Potion |
| 3:55 | Scroll of Speed |
| 4:06 | Grunt |
| 4:06 | Grunt |
| 5:22 | Grunt |
| 5:23 | Grunt |
| 5:24 | Berserker Strength |
| 6:07 | Beastiary |
| 6:17 | Forked Lightning |
| 7:01 | Critical Strike |
| 7:10 | Orc Burrow |
| 7:13 | Grunt |
| 7:14 | Grunt |
| 8:02 | Grunt |
| 8:08 | Beastiary |
| 8:12 | Orc Burrow |
| 8:32 | Frost Arrows |
| 8:34 | Dust of Appearance |
| 8:59 | Healing Salve |
| 9:00 | Lesser Clarity Potion |
| 9:16 | Orc Burrow |
| 9:21 | Raider |
| 9:21 | Ensnare |
| 9:28 | Orc Burrow |
| 10:31 | Raider |
| 10:52 | Pillage |
| 11:31 | Raider |
| 11:38 | Spirit Lodge |
| 12:01 | Great Hall |
| 12:13 | Healing Salve |
| 13:12 | Grunt |
| 13:12 | Raider |
| 13:18 | Critical Strike |
| 13:38 | Grunt |
| Right click | 480 |
| Select group | 190 |
| Select | 160 |
| Chat | 62 |
| Build/train/purchase | 49 |
| Assign group | 21 |
| Use ability | 16 |
| Misc. action | 11 |
| Esc | 2 |
| Remove unit | 1 |